 Dungeon Crawl Stone Soup version 0.25-a0-388-g41a7e554cb (webtiles) character file.

Game seed: 15895271176404482177, levelgen mode: deterministic

82 Borgoz the Cudgeler (level 4, -3/27 HPs)
             Began as a Gargoyle Gladiator on Jan 7, 2020.
             Was an Initiate of Okawaru.
             Killed from afar by an orc wizard (9 damage)
             ... with a magic dart
             ... on level 2 of the Dungeon.
             The game lasted 00:02:02 (1847 turns).

Borgoz the Cudgeler (Gargoyle Gladiator)            Turns: 1847, Time: 00:02:03

Health: -3/27      AC:  8    Str: 19    XL:     4   Next: 43%
Magic:  4/4        EV: 12    Int:  8    God:    Okawaru [......]
Gold:   128        SH:  0    Dex: 11    Spells: 3/3 levels left

rFire    . . .     SeeInvis .   a - +0 flail
rCold    . . .     Gourm    +   (no shield)
rNeg     + . .     Faith    .   b - +0 leather armour
rPois    ∞         Spirit   .   c - +0 helmet
rElec    +         Reflect  .   (no cloak)
rCorr    .         Harm     .   j - +0 pair of gloves
MR       .....                  (no boots)
Stlth    +.........             m - amulet of the gourmand
HPRegen  0.09/turn              (no ring)
MPRegen  0.09/turn              (no ring)

@: no status effects
A: negative energy resistance 1, electricity resistance, unbreathing,
petrification resistance, rot immunity, AC +3
a: Renounce Religion


You were on level 2 of the Dungeon.
You worshipped Okawaru.
Okawaru was noncommittal.
You were very hungry.

You visited 1 branch of the dungeon, and saw 3 of its levels.

You collected 128 gold pieces.

Inventory:

Hand Weapons
 a - a +0 flail (weapon)
Missiles
 d - 3 throwing nets (quivered)
Armour
 b - a +0 leather armour (worn)
 c - a +0 helmet (worn)
 j - a +0 pair of gloves (worn)
Jewellery
 m - an amulet of the gourmand (around neck)
Scrolls
 h - a scroll of remove curse
 n - a scroll of identify {unknown}
Potions
 e - a potion of degeneration {unknown}
 g - a potion of agility {unknown}
 i - 2 potions of brilliance {unknown}
 l - a potion of haste {unknown}
Comestibles
 f - 6 rations


   Skills:
 + Level 2.9 Fighting
 * Level 3.9 Maces & Flails
 - Level 1.7 Throwing
 + Level 1.6 Armour
 + Level 2.8 Dodging
 + Level 0.6 Invocations


You had 3 spell levels left.
You didn't know any spells.
Your spell library was empty.

Dungeon Overview and Level Annotations

Branches:
Dungeon (3/15)

Altars:
Elyvilon
Fedhas
Hepliaklqana
Okawaru
Xom


Innate Abilities, Weirdness & Mutations

You are resistant to torment.
Your stone body is resilient. (AC +3)
You are immune to poison.
You resist negative energy. (rN+)
You are resistant to electric shocks. (rElec)
You can survive without breathing.
You are immune to petrification.
You are immune to rotting.


Message History

You thump the adder!
You kill the adder!
Okawaru accepts your kill.
The orc wizard hits you but does no damage.
The kobold hits you but does no damage.
The orc wizard hits you with a +0 dagger.
* * * LOW HITPOINT WARNING * * *
The orc hits you but does no damage.
Okay, then.
You see here an adder corpse.
You hit the orc wizard.
The orc wizard is lightly wounded.
The orc wizard barely misses you.
The orc wizard hits you with a +0 dagger.
* * * LOW HITPOINT WARNING * * *
You barely miss the orc wizard.
The orc wizard is lightly wounded.
The orc wizard casts a spell at you. The magic dart hits you!
You die...

###### ### #....# ..# #.#..#
..### #.#'### ....#
######.#...###
....##############......###.._###
##..............@oo....####...##.
.#..##############K....##E#_...##
....# ######## #####'##Z#####.#.
.#..# #......# #......##§#E##.'.
##..# #.####.# #......###.######
....# #...<#.####......# #####...
..#.# ###.......#......# #.#.....
..#.# #.......#.####.# #.######
#...# #.......#.# #.###.# #.


You could see an orc wizard, an orc and a kobold.

Vanquished Creatures
  2 adders (D:2)
  2 worms (D:2)
  2 dart slugs
  2 leopard geckos (D:2)
  2 orcs (D:3)
  8 bats
  A giant cockroach (D:2)
  5 goblins
  6 hobgoblins
  4 jackals (D:2)
  5 kobolds
  4 ball pythons
  A frilled lizard (D:2)
  2 rats (D:2)
46 creatures vanquished.

Notes
Turn   | Place    | Note
-------+----------+-------------------------------------------
     0 | D:1      | Borgoz the Gargoyle Gladiator began the quest for the Orb.
     0 | D:1      | Reached XP level 1. HP: 12/12 MP: 1/1
   282 | D:1      | Reached XP level 2. HP: 18/18 MP: 2/2
   744 | D:2      | Found a white marble altar of Elyvilon.
   745 | D:2      | Found a blossoming altar of Fedhas.
   792 | D:2      | Reached skill level 1 in Armour
   818 | D:2      | Reached XP level 3. HP: 16/22 MP: 3/3
   968 | D:2      | Found an iron altar of Okawaru.
   982 | D:2      | Became a worshipper of Warmaster Okawaru
  1142 | D:2      | HP: 1/22 [goblin (3)]
  1158 | D:2      | Reached XP level 4. HP: 27/27 MP: 4/4
  1420 | D:2      | Found a shimmering altar of Xom.
  1421 | D:2      | Found a hazy altar of Hepliaklqana.
  1421 | D:2      | Noticed an earth elemental
  1423 | D:2      | Noticed a spectral ugly thing
  1423 | D:2      | Noticed an earth elemental
  1847 | D:2      | Killed from afar by an orc wizard

Levels and vault maps discovered:
D:1:      minmay_arrival_four_houses, layout_loops_ring
D:2:      kennysheep_six_static_rooms, layout_basic,
          regret_index_temple_of_mockery, nicolae_overflow_hidden_temple,
          first_ration, okawaru_gym_becter
D:3:      layout_rooms, old_standard_altar

Skill      XL: |  1  2 |
---------------+-------+-----
Armour         | 1 |  1.6
Fighting       | |  2.9
Maces & Flails | |  3.9
Throwing       | |  1.7
Dodging        | |  2.8
Invocations    | |  0.6

Action                   |  1- 3 |  4- 6 || total
-------------------------+-------+-------++-------
Melee: Flail             |   111 |    32 ||   143
Throw: Throwing net      |     1 |       ||     1
  Use: Potion            |     1 |       ||     1
       Scroll            |       |     2 ||     2
 Stab: Held in net/web   |     1 |       ||     1
  Eat: Chunk             |     1 |     1 ||     2
Armor: Leather armour    |    52 |    27 ||    79
Dodge: Dodged            |    67 |    39 ||   106

Table legend:
 A = Non-vault XP
 B = Vault XP
 C = Vault XP percentage of total XP
 D = Non-vault monster count
 E = Vault monster count
 F = Vault count percentage of total count
                 A         B        C        D         E       F
            +---------+---------+-------+---------+---------+-------
      Total |     106 |      12 |  10.2 |      41 |       5 |  10.9
            +---------+---------+-------+---------+---------+-------
        D:1 |      25 |       0 |   0.0 |      12 |       0 |   0.0
        D:2 |      71 |      12 |  14.5 |      26 |       5 |  16.1
        D:3 |      10 |       0 |   0.0 |       3 |       0 |   0.0
            +---------+---------+-------+---------+---------+-------
